 Dungeon Crawl Stone Soup version 0.21.0 (console) character file.

305 Kloppie the Skirmisher (level 6, 0/58 HPs)
             Began as a Minotaur Fighter on Jan 7, 2018.
             Slain by an ogre
             ... wielding a +0 giant club
              (15 damage)
             ... on level 4 of the Dungeon.
             The game lasted 00:02:53 (2396 turns).

Kloppie the Skirmisher (Minotaur Fighter)           Turns: 2396, Time: 00:02:54

Health: 0/58       AC:  8    Str: 22    XL:     6   Next: 15%
Magic:  5/5        EV:  7    Int:  5    God:
Gold:   134        SH:  9    Dex: 10    Spells: 5/5 levels left

rFire    . . .     SeeInvis .   a - +0 war axe
rCold    . . .     Gourm    .   c - +0 shield
rNeg     . . .     Faith    .   b - +0 scale mail
rPois    .         Spirit   .   (helmet restricted)
rElec    .         Reflect  .   (no cloak)
rCorr    .         Harm     .   (no gloves)
MR       .....                  h - +0 pair of boots
Stlth    ..........             (no amulet)
HPRegen  0.19/turn              (no ring)
MPRegen  0.09/turn              (no ring)

@: no status effects
A: retaliatory headbutt, horns 2
a: no special abilities


You were on level 4 of the Dungeon.
You were not hungry.

You visited 1 branch of the dungeon, and saw 4 of its levels.

You collected 134 gold pieces.

Inventory:

Hand Weapons
 a - a +0 war axe (weapon)
Armour
 b - a +0 scale mail (worn)
 c - a +0 shield (worn)
 h - a +0 pair of boots (worn)
Wands
 g - a wand of random effects (15)
Scrolls
 e - 5 scrolls of teleportation {unknown}
 i - 2 scrolls of amnesia {unknown}
 j - 11 scrolls of identify {unknown}
 l - a scroll of remove curse {unknown}
 o - a scroll of fear {unknown}
 r - a scroll of blinking {unknown}
 s - a scroll of immolation {unknown}
Potions
 k - a potion of invisibility {unknown}
 m - 2 potions of curing
 n - a potion of brilliance {unknown}
 p - a potion of ambrosia {unknown}
 q - a potion of cancellation {unknown}
Comestibles
 d - 7 chunks of flesh
 f - 5 rations


   Skills:
 + Level 6.4 Fighting
 + Level 5.8 Axes
 - Level 3.6 Armour
 - Level 3.6 Shields


You had 5 spell levels left.
You didn't know any spells.

Dungeon Overview and Level Annotations

Branches:
Dungeon (4/15)
 Temple: D:4-7

Altars:
Fedhas
Kikubaaqudgha
Makhleb
Okawaru
Trog
Uskayaw
Vehumet
Xom
Yredelemnul

Annotations:
D:2 2 transporters
D:3 2 transporters


Innate Abilities, Weirdness & Mutations

You reflexively headbutt those who attack you in melee.
You have a pair of horns on your head.


Message History

A leopard gecko and a gnoll come into view.
The leopard gecko hisses angrily.
The gnoll shouts!
You slash the ogre!
The ogre is severely wounded.
The gnoll moves out of view.
The ogre hits you with a giant club!!
* * * LOW HITPOINT WARNING * * *
The gnoll hits you but does no damage.
You are too injured to fight recklessly!
You are too injured to fight recklessly!
You are too injured to fight recklessly!
Your shield and scale mail prevent you from hitting the ogre.
The ogre is severely wounded.
You block the gnoll's attack. The ogre hits you with a giant club.
* * * LOW HITPOINT WARNING * * *
An iguana comes into view.
Okay, then.
The gnoll shouts!
You hear an angry hiss.
It was a potion of curing.
You feel better. The ogre hits you with a giant club!
You die...

######.# #.# .....#.#
#.# .)...#.# #.##
.....#.######>.##
.....#.##....^..#
.....#.##.......##
.....#.##........#
.....#.##......#.##
...#.#.##......#@.#
#.##.#...#.######O##
#....#...#.# #..#
#######.##.# ##.##
...........# #g.#
#######.###########g##
#.# #.....Wg.# #.#
#......gg# #.#
#........##


You could see an ogre, a gnoll shaman and 4 gnolls.

Vanquished Creatures
  The ghost of emsyzz the Shield-Bearer, an amateur MiFi (D:3)
  A howler monkey (D:4)
  An orc wizard (D:3)
  A worker ant (D:4)
  A gnoll (D:1)
  2 adders (D:3)
  An ooze (D:3)
  A worm (D:3)
  4 dart slugs
  3 leopard geckos
  9 orcs (D:3)
  4 giant cockroaches
  6 goblins
  3 hobgoblins
  10 jackals
  A ball python (D:3)
  5 bats
  3 frilled lizards
  9 kobolds
  5 rats
71 creatures vanquished.

Notes
Turn   | Place    | Note
-------+----------+-------------------------------------------
     0 | D:1      | Kloppie the Minotaur Fighter began the quest for the Orb.
     0 | D:1      | Reached XP level 1. HP: 19/19 MP: 0/0
   450 | D:1      | Reached skill level 4 in Fighting
   450 | D:1      | Reached XP level 2. HP: 27/27 MP: 1/1
   526 | D:1      | Reached XP level 3. HP: 29/34 MP: 2/2
   968 | D:2      | Found a transporter.
   977 | D:2      | Noticed a bullfrog
  1033 | D:2      | Found a transporter.
  1041 | D:2      | Found a hide-covered altar of Uskayaw.
  1203 | D:2      | Found an ancient bone altar of Kikubaaqudgha.
  1203 | D:2      | Found a blossoming altar of Fedhas.
  1625 | D:3      | Found a bloodstained altar of Trog.
  1635 | D:3      | Reached XP level 4. HP: 35/41 MP: 3/3
  1651 | D:3      | Found a shimmering altar of Xom.
  1651 | D:3      | Found a basalt altar of Yredelemnul.
  1654 | D:3      | Found a radiant altar of Vehumet.
  1655 | D:3      | Found an iron altar of Okawaru.
  1680 | D:3      | Reached skill level 5 in Fighting
  1929 | D:3      | Reached XP level 5. HP: 42/48 MP: 4/4
  1968 | D:3      | Found a transporter.
  1970 | D:3      | Found a transporter.
  2022 | D:3      | Noticed emsyzz's ghost (amateur MiFi)
  2026 | D:3      | Killed emsyzz's ghost
  2026 | D:3      | Reached skill level 6 in Fighting
  2026 | D:3      | Reached skill level 5 in Axes
  2078 | D:3      | Found a burning altar of Makhleb.
  2353 | D:4      | Reached XP level 6. HP: 39/58 MP: 5/5
  2396 | D:4      | Slain by an ogre

Skill      XL: |  1  2  3  4  5 |
---------------+----------------+-----
Fighting       | 4 5 6 |  6.4
Axes           | 3 4 5 |  5.8
Armour         | |  3.6
Shields        | |  3.6

Action                   |  1- 3 |  4- 6 || total
-------------------------+-------+-------++-------
Melee: War axe           |    80 |    71 ||   151
       Headbutt          |     9 |    11 ||    20
  Use: Potion            |       |     2 ||     2
  Eat: Chunk             |     2 |     3 ||     5
Armor: Scale mail        |    40 |    23 ||    63
Dodge: Dodged            |    30 |    13 ||    43
Block: Shield            |    47 |    30 ||    77
